[Event "Senior Men Russian Championship 2022_HL"]
[Site "Saint-Petersburg, Russia"]
[Date "2022.10.01"]
[Round "8.6"]
[White "Dragomarezkij, Evgeni"]
[Black "Mishuchkov, Nikolai M."]
[Result "1/2-1/2"]
[TimeControl "40+30"]
[WhiteElo "2297"]
[BlackElo "2258"]

1. d4 d5 2. c4 c6 3. cxd5 cxd5 4. Nc3 Nc6 5. Nf3 Nf6 6. Bf4 Bf5 7. e3 e6 8. Bd3 Bxd3 9. Qxd3 Bd6 10.
Bxd6 Qxd6 11. O-O O-O 12. Rac1 Rfc8 1/2-1/2

[Event "Senior Men Russian Championship 2022_HL"]
[Site "Saint-Petersburg, Russia"]
[Date "2022.10.01"]
[Round "8.8"]
[White "Raetsky, Alexander"]
[Black "Kornilov, Anatoly"]
[Result "1-0"]
[TimeControl "40+30"]
[WhiteElo "2384"]
[BlackElo "2094"]

1. d4 d5 2. c4 e6 3. Nf3 c5 4. g3 Nc6 5. Bg2 dxc4 6. Na3 cxd4 7. Nxc4 Bb4+ 8. Bd2 Bxd2+ 9. Qxd2 Nge7 10.
O-O O-O 11. b4 a6 12. a4 Nf5 13. Rfd1 Qf6 14. g4 Nh4 15. Nxh4 Qxh4 16.
Bxc6 bxc6 17. Qxd4 Qe7 18. Na5 e5 19. Nxc6 Qe6 20. Nxe5 f6 21. Nd7 Rf7 22. Nc5 Qxg4+ 23. Qxg4 Bxg4 24. f3 Bh5 25. Rd5 Bg6 26. Rad1 Rff8 27.
Kf2 Rfc8 28. Rd7 a5 29. Ne6 axb4 30. Rxg7+ Kh8 31. Rb7 Rab8 32. Rxb8 Rxb8 33. Rd2 b3 34. Rb2 Bf7 35. Nd4 Rb4 36.
Ke3 Rxa4 37. Kd3 Ra2 38. Kc3 Rxb2 39. Kxb2 Kg7 40. Nxb3 Kg6 41. Nc5 Bc4 42. Nd3 Kg5 43. Kc3 Bb5 44.
Kd2 Kh4 45. Nf4 Kg5 46. Ng2 Ba6 47. Ke1 Bb5 48. Kf2 Ba6 49. e3 Bb7 50. Kg3 Bc8 51. Nf4 Bd7 52. Nd5 Ba4 53. e4 Bd1 54.
Nc3 Bb3 55. Nb5 Ba4 56. Nc7 Bd7 57. Nd5 Ba4 58. Nf4 Bb3 59. Nh3+ Kg6 60. Kf4 Be6 61. Nf2 Bd7 62. Nd1 Bc8 63.
Ne3 Be6 64. Nd5 Bh3 65. Ke3 Kf7 66. Nf4 Bd7 67. Kd4 Bc6 68. Kc5 Ba4 69. Ne2 Ke6 70. f4 Ke7 71. Nd4 Be8 72. Nf5+ Kd7 73.
Nd6 Bh5 74. Nf5 Bd1 75. Nd4 Bh5 76. Nb5 Bf7 77. Nc3 Bb3 78. Nd5 Ke6 79. Nc7+ Kd7 80. Nb5 Ke7 81. Kd4 Ke6 82. Nc3 Bc2 83.
Nd5 Bb3 84. Ne3 Ba2 85. f5+ Ke7 86. h4 Bb3 87. e5 fxe5+ 88. Kxe5 Kf7 89. Ng4 Ba2 90. h5 Bb3 91. h6 Ba2 92.
Nf6 1-0

[Event "Senior Men Russian Championship 2022_HL"]
[Site "Saint-Petersburg, Russia"]
[Date "2022.10.01"]
[Round "8.9"]
[White "Berlin, Grigoriy"]
[Black "Filipenko, Alexander V"]
[Result "1/2-1/2"]
[TimeControl "40+30"]
[WhiteElo "2186"]
[BlackElo "2171"]

1. e4 e5 2. Nf3 Nc6 3. Bc4 Nf6 4. d3 Bc5 5. c3 a6 6. a4 d6 7. b4 Ba7 8. Qb3 O-O 9. Nbd2 Bd7 10.
Ra2 Ne7 11. Qc2 Ng6 12. O-O Qe7 13. Re1 Be6 14. Bxe6 Qxe6 15. Nf1 Ng4 16. Ne3 Nxe3 17. Bxe3 Bxe3 18. fxe3 f5 19. exf5 Rxf5 20.
Raa1 Raf8 21. Qa2 Qxa2 22. Rxa2 e4 23. dxe4 R5f6 24. Raa1 Re6 25. Nd2 Ne5 26. h3 Nd7 27. Rf1 Nf6 28.
Rf4 g5 29. Rf5 Nxe4 30. Rxf8+ Kxf8 31. Nxe4 Rxe4 32. Kf2 Rc4 33. Ra3 Ke7 34. Ke2 d5 35. Kd3 g4 36. hxg4 Kf6 37. Ra1 Rxg4 38.
Rf1+ Kg7 39. Rf2 a5 40. bxa5 Rxa4 41. Rb2 Rxa5 42. Rxb7 Rc5 43. Kd4 Rc4+ 44. Kxd5 Rxc3 45. e4 Kf6 46.
Kd4 Rc2 47. Ra7 Rd2+ 48. Ke3 Rxg2 1/2-1/2

[Event "Senior Men Russian Championship 2022_HL"]
[Site "Saint-Petersburg, Russia"]
[Date "2022.10.01"]
[Round "8.10"]
[White "Yakovlev, Yuri S."]
[Black "Mamoshin, Valery"]
[Result "0-1"]
[TimeControl "40+30"]
[WhiteElo "1649"]
[BlackElo "2203"]

1. e4 d6 2. d4 Nf6 3. Nd2 g6 4.
Be2 Bg7 5. c3 c5 6. d5 e6 7. Bb5+ Bd7 8. Bxd7+ Qxd7 9. dxe6 Qxe6 10. Qe2 Nc6 11. Nh3 O-O-O 12. O-O Rhe8 13. f3 h6 14.
Qb5 g5 15. Nf2 Nd7 16. Qb3 Nb6 17. Qc2 d5 18. Nb3 c4 19. Nc5 Qd6 20. Be3 d4 21. cxd4 Bxd4 22. Bxd4 Nxd4 23. Nxb7 Nxc2 24.
Nxd6+ Rxd6 25. Rac1 Rd2 26. Ng4 h5 27. Nf6 Red8 28. e5 Ne3 0-1

[Event "Senior Men Russian Championship 2022_HL"]
[Site "Saint-Petersburg, Russia"]
[Date "2022.10.01"]
[Round "8.11"]
[White "Nikitinyh, Boris"]
[Black "Kasantsev, Anatolij B."]
[Result "1-0"]
[TimeControl "40+30"]
[WhiteElo "1853"]
[BlackElo "1908"]

1. d4 Nf6 2. c4 g6 3. Nc3 d5 4. cxd5 Nxd5 5. Bd2 Nb6 6. Nf3 Bg7 7. e3 O-O 8. Be2 Be6 9. O-O Bc4 10. b3 Bxe2 11. Qxe2 c6 12. Rad1 N8d7 13. e4 e5 14. Be3 Qc7 15. Rc1 exd4 16. Nxd4 Qe5 17. f4 Qa5 18. e5 Nd5 19. Nxd5 Qxd5 20. Rfd1 Qe4 21. Nxc6 bxc6 22. Rxd7 g5 23. Rd4 Qg6 24. Rd6 Qf5 25. g4 Qe4 26. Rc4 Qb1+ 27. Rd1 Qg6 28. f5 Qh6 29. f6 Bh8 30. Rf1 Rfe8 31.
Rf5 1-0

[Event "Senior Men Russian Championship 2022_HL"]
[Site "Saint-Petersburg, Russia"]
[Date "2022.10.02"]
[Round "9.1"]
[White "Ponfilenok, Vladimir"]
[Black "Raetsky, Alexander"]
[Result "1/2-1/2"]
[TimeControl "40+30"]
[WhiteElo "2298"]
[BlackElo "2384"]

1. d4 d5 2. c4 dxc4 3. Nf3 c5 4.
e3 cxd4 5. Qxd4 Qxd4 6. Nxd4 Bd7 7. Bxc4 Nc6 8. Nxc6 Bxc6 9. f3 Rc8 10. Nc3 e6 11. e4 Nf6 12. Bb3 Nd7 1/2-1/2

[Event "Senior Men Russian Championship 2022_HL"]
[Site "Saint-Petersburg, Russia"]
[Date "2022.10.02"]
[Round "9.2"]
[White "Ionov, Sergey"]
[Black "Balashov, Yuri S"]
[Result "1/2-1/2"]
[TimeControl "40+30"]
[WhiteElo "2513"]
[BlackElo "2395"]

1. d4 Nf6 2. c4 e6 3. Nf3 d5 4. Nc3 Be7 5. g3 O-O 6. Bg2 c5 7. cxd5 Nxd5 8. O-O Nc6 9. e4 Ndb4 10.
a3 cxd4 11. axb4 dxc3 12. bxc3 Qc7 13. Be3 b6 14. Qe2 Bb7 15. Rfd1 Rfd8 16. Qc4 Rxd1+ 17. Rxd1 Rd8 18. Ra1 Qd7 19.
Nd4 Nxd4 20. Bxd4 b5 21. Qb3 a6 22. h4 Bf6 23. Bxf6 gxf6 24. Qc2 e5 25. Rc1 Qd2 26. Qxd2 Rxd2 27.
f3 Kf8 28. c4 Bc6 29. Bf1 Rb2 30. Ra1 bxc4 31. Rxa6 Bb5 32. Rb6 Rxb4 33. Bxc4 Rxc4 34. Rxb5 Rc2 1/2-1/2

[Event "Senior Men Russian Championship 2022_HL"]
[Site "Saint-Petersburg, Russia"]
[Date "2022.10.02"]
[Round "9.3"]
[White "Lisenko, Alexander V"]
[Black "Loginov, Valery A"]
[Result "1/2-1/2"]
[TimeControl "40+30"]
[WhiteElo "2307"]
[BlackElo "2478"]

1. Nf3 Nf6 2. c4 b6 3. g3 Bb7 4. Bg2 g6 5. b3 Bg7 6. Bb2 O-O 7. O-O e6 8. d4 d5 9. Nbd2 Nbd7 10.
Qc2 Rc8 11. c5 c6 12. b4 a5 13. a3 Ba6 14. Rfe1 Qc7 15. e3 Ra8 16. Bc3 axb4 17. axb4 Bb5 18. Ra2 bxc5 19. bxc5 Bd3 20.
Qb2 Ne4 21. Nxe4 Bxe4 22. Rea1 Rxa2 23. Qxa2 Rb8 24. Qa3 h6 25. Nd2 Bxg2 26. Kxg2 Kh7 27. Qa5 Qc8 28. Rb1 Ra8 29. Qb4 Rb8 30.
Qa5 Ra8 31. Qb4 Rb8 1/2-1/2

[Event "Senior Men Russian Championship 2022_HL"]
[Site "Saint-Petersburg, Russia"]
[Date "2022.10.02"]
[Round "9.5"]
[White "Vul, Arkadi Eremeevich"]
[Black "Dragomarezkij, Evgeni"]
[Result "1/2-1/2"]
[TimeControl "40+30"]
[WhiteElo "2181"]
[BlackElo "2297"]

1. Nf3 Nf6 2. c4 b6 3. g3 Bb7 4. Bg2 c5 5. O-O g6 6. Nc3 Bg7 7. d4 cxd4 8. Nxd4 Bxg2 9. Kxg2 O-O 10.
e4 Qc7 11. b3 Nxe4 12. Nxe4 Qe5 13. Qf3 Qxd4 14. Ba3 Nc6 15. Rad1 Qe5 16. Rxd7 Qa5 17. Bxe7 Ne5 18. Qd1 Nxd7 19.
Qxd7 Qxa2 20. Bxf8 Rxf8 21. Qd3 1/2-1/2

[Event "Senior Men Russian Championship 2022_HL"]
[Site "Saint-Petersburg, Russia"]
[Date "2022.10.02"]
[Round "9.7"]
[White "Provotorov, Alexandr P."]
[Black "Pushkov, Nikolai"]
[Result "1-0"]
[TimeControl "40+30"]
[WhiteElo "2277"]
[BlackElo "2206"]

1. Nf3 Nf6 2. e3 e6 3. c4 d5 4. Nc3 Be7 5. d4 O-O 6. Bd3 b6 7. O-O Bb7 8. b3 Nbd7 9. Bb2 c5 10.
cxd5 exd5 11. Qe2 Ne4 12. Ba6 Nxc3 13. Bxc3 Qc8 14. Bxb7 Qxb7 15. Rfd1 Bf6 16. Rac1 Rac8 17. h3 Rfe8 18.
dxc5 bxc5 19. Qd3 Bxc3 20. Rxc3 Nb6 21. Rdc1 c4 22. Qf5 g6 23. Qf4 Qe7 24. Nd4 Qd7 25. Qf3 cxb3 26. axb3 Rxc3 27.
Rxc3 Rc8 28. Rxc8+ Nxc8 29. Qf4 Kg7 30. Qe5+ f6 31. Qf4 Nd6 32. g4 Nf7 33. Kg2 Qe7 34. h4 Ne5 35. Kg3 a6 36.
Kg2 Kg8 37. h5 Nd3 38. Qb8+ Kg7 39. Qc8 Kh6 40. hxg6 Qd8 41. Qc6 1-0

[Event "Senior Men Russian Championship 2022_HL"]
[Site "Saint-Petersburg, Russia"]
[Date "2022.10.02"]
[Round "9.8"]
[White "Osmolny, Vladimir I."]
[Black "Zhelnin, Vladimir V"]
[Result "0-1"]
[TimeControl "40+30"]
[WhiteElo "2092"]
[BlackElo "2344"]

1. d4 d6 2. Nf3 g6 3. e4 Bg7 4. Bd3 Nf6 5. O-O O-O 6. Re1 c6 7. Nbd2 Qc7 8. Nf1 e5 9. c3 Re8 10.
h3 Nbd7 11. dxe5 dxe5 12. Be3 Nf8 13. Ng3 Ne6 14. Ne2 Bd7 15. Ng5 c5 16. Nxe6 Bxe6 17. c4 Red8 18. Qc2 b5 19. b3 b4 20.
g4 h5 21. g5 Nh7 22. h4 f6 23. Kh2 fxg5 24. hxg5 Rf8 25. Ng1 Rad8 26. Bf1 Rf4 27. f3 Nxg5 28. Bxf4 exf4 29. Rad1 Bd4 30.
Qg2 Qe5 31. Rd3 Rf8 32. Kh1 Kg7 33. Ne2 Be3 34. Ng1 h4 35. Qh2 Qf6 36. Rdxe3 fxe3 37. Rxe3 Qf4 38. Qxf4 Rxf4 39. Be2 Nf7 40. Rd3 Kf6 41. Bd1 Ke7 42.
Kg2 Ne5 43. Re3 Rf8 44. Be2 g5 45. Bf1 Rd8 46. Kf2 Rd2+ 47. Re2 Nd3+ 48. Ke3 Rd1 49. Bh3 Rxg1 50. Bxe6 Nf4 0-1

[Event "Senior Men Russian Championship 2022_HL"]
[Site "Saint-Petersburg, Russia"]
[Date "2022.10.02"]
[Round "9.9"]
[White "Mamoshin, Valery"]
[Black "Nikitinyh, Boris"]
[Result "0-1"]
[TimeControl "40+30"]
[WhiteElo "2203"]
[BlackElo "1853"]

1. e4 d6 2. d4 Nf6 3. Nc3 g6 4. Be2 Bg7 5. Be3 Nc6 6. d5 Ne5 7. f4 Ned7 8. g4 h6 9. h3 c6 10.
Bf3 Qc7 11. Nge2 a6 12. Qd2 g5 13. dxc6 bxc6 14. e5 gxf4 15. Bxf4 Nxe5 16. Bxe5 dxe5 17. O-O-O Be6 18. Ne4 Nxe4 19.
Bxe4 Bf6 20. Qc3 Rc8 21. Ng3 O-O 22. h4 Rfd8 23. Rdg1 Kf8 24. Nh5 Rd4 25. Bf5 Bxf5 26. Nxf6 Be6 27.
Qc5 Qd6 28. Qxd6 Rxd6 29. Nh5 Rd4 30. g5 hxg5 31. hxg5 Ke8 32. Ng7+ Kd7 33. c3 Rg4 34. Rxg4 Bxg4 35. Rf1 Rf8 36.
g6 f6 37. Rg1 Rg8 38. Rxg4 Rxg7 39. Ra4 Rxg6 40. Rxa6 Rg1+ 41. Kc2 Rg2+ 42. Kb3 f5 43. Ra7+ Ke6 44. a4 e4 45. Kc4 e3 46.
Kd3 f4 0-1

[Event "Senior Men Russian Championship 2022_HL"]
[Site "Saint-Petersburg, Russia"]
[Date "2022.10.02"]
[Round "9.11"]
[White "Berlin, Grigoriy"]
[Black "Yakovlev, Yuri S."]
[Result "1-0"]
[TimeControl "40+30"]
[WhiteElo "2186"]
[BlackElo "1649"]

1. Nf3 b5 2. d4 e6 3. Bf4 Bb7 4. e3 a6 5. Bd3 Nf6 6. h3 c5 7. c3 Be7 8. Nbd2 d6 9. O-O Nh5 10.
Bh2 f5 11. a4 c4 12. Bc2 Nd7 13. e4 O-O 14. exf5 exf5 15. Qe2 Rf6 16. Rfe1 Bf8 17. b3 Nb6 18. bxc4 bxc4 19. Ng5 Rg6 20.
Ngf3 Rf6 21. Rab1 Bd5 22. a5 Nc8 23. Nxc4 Re6 24. Qf1 Rxe1 25. Rxe1 Be4 26. Bd3 d5 27. Nce5 Qxa5 28. c4 Ne7 29.
c5 Ng6 30. Nxg6 hxg6 31. Be5 Bxf3 32. gxf3 Nf6 33. Rd1 Nd7 34. Bf4 Qa4 35. Be3 1-0